 Dungeon Crawl Stone Soup version 0.31-a0-810-ga77100ea1a (webtiles) character file.

Game seed: 6886327722159815448

94 kiwi3s the Trooper (level 4, -3/61 HPs)
             Began as a Minotaur Berserker on Sept 21, 2023.
             Was a Believer of Trog.
             Slain by a gnoll bouda
             ... wielding a +0 club
              (8 damage)
             ... on level 3 of the Dungeon.
             The game lasted 00:01:38 (1376 turns).

kiwi3s the Trooper (Minotaur Berserker)             Turns: 1376, Time: 00:01:38

Health: -3/61      AC:  6    Str: 24    XL:     4   Next: 38%
Magic:  3/3        EV: 10    Int:  4    God:    Trog [**....]
Gold:   103        SH:  0    Dex:  9    Spells: 3/3 levels left

rFire   . . .        a - +0 hand axe
rCold   . . .        (no shield)
rNeg    . . .        e - +0 scale mail
rPois   .            (helmet restricted)
rElec   .            (no cloak)
rCorr   .            (no gloves)
SInv    .            (no boots)
Will    .....        (no amulet) Stlth
                     (no ring)
HPRegen 0.30/turn    (no ring)
MPRegen 0.08/turn

%: no passive effects
@: berserking, weakened, very quick
A: horns 2, retaliatory headbutt
a: Renounce Religion, Berserk, Trog's Hand


You were on level 3 of the Dungeon.
You worshipped Trog.
Trog was pleased with you.
You visited 1 branch of the dungeon, and saw 3 of its levels.

You collected 103 gold pieces.

Inventory:

Hand Weapons
 a - a +0 hand axe (weapon)
Armour
 b - a +0 animal skin
 e - a +0 scale mail (worn)
Jewellery
 c - a ring of protection from fire
 d - a ring of see invisible
Scrolls
 g - 3 scrolls of immolation {unknown}
 h - 2 scrolls of fear {unknown}
 j - a scroll of revelation {unknown}
 m - 2 scrolls of identify {unknown}
 n - a scroll of fog {unknown}
Potions
 f - 2 potions of mutation {unknown}
 i - a potion of might {unknown}
 k - a potion of curing {unknown}
 l - 2 potions of ambrosia {unknown}
 o - 2 potions of brilliance {unknown}


   Skills:
 + Level 4.5 Fighting
 + Level 4.4 Axes
 + Level 3.4 Armour
 + Level 3.1 Dodging


You had 3 spell levels left.
You didn't know any spells.
Your spell library was empty.

Dungeon Overview and Level Annotations

Branches:
Dungeon (3/15)

Altars:


Innate Abilities, Weirdness & Mutations

You have a pair of horns on your head.
You reflexively headbutt those who attack you in melee.


Message History

You kill the gnoll!
Trog accepts your kill.
You barely miss the gnoll. You barely miss the gnoll bouda. You hit the kobold.
You kill the kobold!
Trog accepts your kill.
The gnoll bouda hits you with a +0 club.
You have reached level 4!
You feel stronger.
You hit the gnoll bouda.
The gnoll bouda is moderately wounded.
You hit the gnoll. x2; The gnoll closely misses you.
You furiously retaliate!
You headbutt the gnoll!
You kill the gnoll!
Trog accepts your kill. The gnoll hits you but does no damage.
The gnoll bouda hits you with a +0 club!
* * * LOW HITPOINT WARNING * * *
You hit the gnoll bouda. You headbutt the gnoll bouda.
The gnoll bouda is heavily wounded.
You hit the gnoll. The gnoll hits you with a +0 flail.
* * * LOW HITPOINT WARNING * * *
You slash the gnoll!
You kill the gnoll!
Trog accepts your kill.
You hit the gnoll bouda.
The gnoll bouda hits you with a +0 club.
* * * LOW HITPOINT WARNING * * *
Unknown command.
You hit the gnoll bouda.
The gnoll bouda is almost dead.
The gnoll bouda prays to its god.
The gnoll bouda is healed somewhat.
Unknown command.
You slash the gnoll bouda! Your headbutt misses the gnoll bouda.
The gnoll bouda is almost dead.
Your attacks no longer feel as feeble.
The gnoll bouda gazes fiercely through you!
You feel your attacks grow feeble.
The gnoll bouda hits you with a +0 club!
You die...

#...............#.
#.................
#...##'##########.
########...#......... #.
...........#..###########
########...#..#..........
#.......#..#..........
#.##....#..#.##+####..
#.@).#..#.#.....#..
#))g.#..#.#.....#..
..#...# #.#.(...#..
........# #.#.....#..
......#...# #.#.....#..
......#...# #.#.....#..
..!.. #...# #.<.....#..
.... ....# #.#.....#..
#.#.....+..


You could see a gnoll bouda.

Vanquished Creatures
  3 gnolls (D:3)
  An adder (D:2)
  2 worms (D:2)
  5 bats
  3 endoplasms
  A giant cockroach (D:1)
  7 goblins
  6 hobgoblins
  4 kobolds
  2 quokkas (D:1)
  6 ball pythons
  4 frilled lizards
  4 rats
48 creatures vanquished.

Notes
Turn   | Place    | Note
-------+----------+-------------------------------------------
     0 | D:1      | kiwi3s the Minotaur Berserker began the quest for the Orb.
     0 | D:1      | Reached XP level 1. HP: 19/19 MP: 0/0
   169 | D:1      | Reached XP level 2. HP: 20/27 MP: 1/1
   454 | D:2      | Identified the staff of the Scroll {rElec rPois rF- rC+
                  | Dex+3 Ice}
   510 | D:2      | Reached XP level 3. HP: 33/33 MP: 2/2
   515 | D:2      | Reached ** piety under Trog
  1372 | D:3      | Reached XP level 4. HP: 21/41 MP: 3/3
  1376 | D:3      | Slain by a gnoll bouda

Illustrated notes

Levels and vault maps discovered:
D:1:      lightli_arrival_statue_moat, layout_rooms
D:2:      wad_lake_hut, layout_basic, kennysheep_generic_room_6
D:3:      minmay_chambers_of_twos, layout_basic, zin_purify,
          hangedman_decor_growths, minmay_crystal_room, nrook_uturn

Skill      XL: |  1  2  3 |
---------------+----------+-----
Fighting       | 4 |  4.5
Axes           | 4 |  4.4
Armour         | 3 |  3.4
Dodging        | 3 |  3.1

Action                     |  1- 3 |  4- 6 || total
---------------------------+-------+-------++-------
  Melee: Hand axe          |    90 |     5 ||    95
         Headbutt          |     9 |     1 ||    10
 Invoke: Berserk           |     1 |       ||     1
 Armour: Animal skin       |    14 |       ||    14
         Scale mail        |    44 |     5 ||    49
  Dodge: Dodged            |    47 |     1 ||    48

Table legend: (Time is in decaauts)
 A = Elapsed time spent in this place.
 B = Non-inter-level travel time spent in this place.
 C = Inter-level travel time spent in this place.
 D = Time resting spent in this place.
 E = Time spent auto-exploring this place.
 F = Levels seen in this place.
 G = Mean time per level.
                   A        B        C        D        E       F      G
               +--------+--------+--------+--------+--------+-----+--------+
         Total |   1425 |   1386 |     39 |      0 |   1144 |   3 |  475.0 |
       Dungeon |   1425 |   1386 |     39 |      0 |   1144 |   3 |  475.0 |
               +--------+--------+--------+--------+--------+-----+--------+

Top non-repeatable levels by time:
     D:2: 900 daAuts
     D:1: 446 daAuts
     D:3: 79 daAuts
